 Dungeon Crawl Stone Soup version 0.28-a0-653-g7e9dba17c3 (webtiles) character file.

Game seed: 18392452707100366165

898 KoroneIsBestGirl the Skirmisher (level 8, 0/43 HPs)
             Began as a Vine Stalker Fighter on Oct 11, 2021.
             Was an Initiate of Gozag.
             Succumbed to a killer bee's poison
             ... on level 5 of the Dungeon.
             The game lasted 00:06:45 (4518 turns).

KoroneIsBestGirl the Skirmisher (VSFi)              Turns: 4518, Time: 00:06:45

Health: 0/43       AC:  7    Str: 22    XL:     8   Next: 7%
Magic:  4/9        EV:  9    Int:  8    God:    Gozag
Gold:   332        SH:  5    Dex: 13    Spells: 7/7 levels left

rFire   . . .      SeeInvis .   a - +1 trident
rCold   . . .      Faith    .   c - +0 buckler
rNeg    . . .      Spirit   +   b - +0 scale mail
rPois   .          Reflect  .   (no helmet)
rElec   .          Harm     .   (no cloak)
rCorr   .          Rampage  .   (no gloves)
Will    +....                   (no boots)
Stlth   ..........              (no amulet)
HPRegen 1.14/turn               (no ring)
MPRegen 0.11/turn               (no ring)

@: mighty, lethally poisoned (0 -> -4), about to teleport, gold aura, studying
Staves
A: fangs 3, regeneration 1, magic shield, antimagic bite, no potion heal 2
a: Renounce Religion, Potion Petition, Call Merchant, Bribe Branch


You were on level 5 of the Dungeon.
You worshipped Gozag.
Gozag was aware of your devotion.
You visited 2 branches of the dungeon, and saw 6 of its levels.

You collected 458 gold pieces.
You paid 126 gold pieces to Gozag.

Inventory:

Hand Weapons
 a - a +1 trident (weapon)
 t - a +1 spear
 w - the +10 hand crossbow of Veokhewn {freeze, rF+ Will- Dex+2}
   (You found it on level 4 of the Dungeon)

   Any ammunition fired from it freezes those it strikes, dealing additional
   cold damage.
   It can also slow down cold-blooded creatures.
   Dex:       It affects your dexterity (+2).
   rF:        It protects you from fire.
   Will:      It decreases your willpower.
Armour
 b - a +0 scale mail (worn)
 c - a +0 buckler (worn)
Wands
 y - a wand of iceblast (18)
Scrolls
 e - a scroll of blinking
 g - 2 scrolls of enchant armour
 i - 3 scrolls of enchant weapon
 k - 2 scrolls of amnesia
 l - 3 scrolls of teleportation
 o - 2 scrolls of fog
 q - a scroll of summoning {unknown}
 s - 2 scrolls of torment {unknown}
 x - 3 scrolls of identify
Potions
 d - 2 potions of might
 f - 2 potions of magic
 h - 2 potions of mutation {unknown}
 j - 2 potions of ambrosia {unknown}
 m - 2 potions of invisibility {unknown}
 n - 2 potions of curing {unknown}
 p - a potion of flight {unknown}
 r - 2 potions of lignification {unknown}
 u - a potion of resistance {unknown}
 v - a potion of haste {unknown}
 z - a potion of heal wounds {unknown}


   Skills:
 + Level 5.1 Fighting
 + Level 4.5 Polearms
 + Level 4.7 Armour
 - Level 4.0 Shields


You had 7 spell levels left.
You didn't know any spells.
Your spell library contained the following spells:

 Spells                   Type           Power      Damage    Failure   Level
 Animate Skeleton         Necr           0%         N/A       73%         1
 Pain                     Necr           0%         1d4       73%         1
 Blink                    Tloc           N/A        N/A       86%         2
 Ensorcelled Hibernation  Hex/Ice        0%         N/A       86%         2
 Passwall                 Tmut/Erth      0%         N/A       86%         2
 Lesser Beckoning         Tloc           0%         N/A       97%         3
 Ozocubu's Armour         Ice            0%         N/A       97%         3
 Swiftness                Air            0%         N/A       97%         3
 Tukima's Dance           Hex            0%         N/A       97%         3
 Vampiric Draining        Necr           0%         2d6       97%         3
 Manifold Assault         Tloc           0%         N/A       100%        5
 Metabolic Englaciation   Hex/Ice        0%         N/A       100%        5
 Invisibility             Hex            0%         N/A       100%        6
 Simulacrum               Ice/Necr       0%         N/A       100%        6


Dungeon Overview and Level Annotations

Branches:
Dungeon (5/15)             Temple (1/1) D:5

Altars:
Cheibriados
Dithmenos
Gozag
Hepliaklqana
Nemelex Xobeh
Okawaru
Ru
Sif Muna
Trog
Uskayaw
Wu Jian
Yredelemnul
Zin

Shops:
D:2 [   D:5 =

Annotations:
D:5 2 runed translucent doors, AttackTheMoon's ghost, novice TeDe


Innate Abilities, Weirdness & Mutations

You have razor-sharp teeth.
Your natural rate of healing is unusually fast.
When hurt, damage is shared between your health and your magic reserves.
Your bite disrupts and absorbs the magic of your enemies.
Potions cannot restore your health.


Message History

You hear an angry buzzing noise.
The killer bee stings you. You block the killer bee's attack.
You miss the killer bee. Your bite misses the killer bee.
You feel sick. The killer bee stings you!
You are more poisoned.
The killer bee poisons you! The killer bee closely misses you.
You are too injured to fight recklessly!
You are too injured to fight recklessly!
You feel very sick. The killer bee barely misses you.
You feel very mighty all of a sudden.
You feel sick. The killer bee barely misses you.
The killer bee stings you but does no damage.
You puncture the killer bee! Your bite misses the killer bee.
The killer bee is almost dead.
You feel very sick. The killer bee stings you.
* * * LOW HITPOINT WARNING * * *
You barely miss the killer bee. Your bite misses the killer bee.
You feel sick. The killer bee stings you!
* * * LOW HITPOINT WARNING * * *
You are more poisoned.
The killer bee poisons you! You block the killer bee's attack.
You puncture the killer bee! You bite the killer bee.
You kill the killer bee!
You feel very sick. The killer bee stings you.
* * * LOW HITPOINT WARNING * * *
You are lethally poisoned!
The killer bee poisons you!
Blink to where?
Press: ? - help, Dir - move target
As you read the scroll of blinking, it crumbles to dust.
* * * LOW HITPOINT WARNING * * *
You feel very sick.
Okay, then.
As you read the scroll of teleportation, it crumbles to dust.
You feel strangely unstable.
You die...
Your body crumbles into a pile of gold.

#.##.##.# #..#..
#.##.##.#####..#..
#.##.##...........
#.##....####...#..
#.#...............
#.###.....#....#..
#.# #.....#.#..#.#
#.# ###......>....
#@# #.........#.#
#.###########..#.#
#.y.).......#..#(.
###ยง#.......#..#..
#y###.....#..#..
#.#8##....#.....
#....####.#.##.)
#.....###.#.##..
#...y..8#...#...


You could see 2 killer bees.

Vanquished Creatures
  A water moccasin (D:5)
  A centaur (D:5)
  2 scorpions (D:4)
  3 water moccasin skeletons
  2 killer bees (D:5)
  A wight (D:4)
  2 iguanas (D:5)
  An orc wizard (D:4)
  2 hound skeletons
  8 gnolls
  A howler monkey skeleton (D:4)
  2 adders
  A white imp (D:4)
  An ufetubus (D:5)
  An adder zombie (D:5)
  2 worms
  4 dart slugs (D:4)
  7 orcs
  8 bats
  3 endoplasms
  4 giant cockroaches
  4 goblins
  7 hobgoblins
  8 jackals
  5 quokkas
  8 ball pythons
  A frilled lizard (D:2)
  7 kobolds
  2 rats
99 creatures vanquished.

Vanquished Creatures (others)
  4 fungi (D:3)
  4 toadstools (D:3)
8 creatures vanquished.

Grand Total: 107 creatures vanquished

Notes
Turn   | Place    | Note
-------+----------+-------------------------------------------
     0 | D:1      | KoroneIsBestGirl the Vine Stalker Fighter began the quest
                  | for the Orb.
     0 | D:1      | Reached XP level 1. HP: 11/11 MP: 2/2
    48 | D:1      | Reached XP level 2. HP: 6/16 MP: 3/3
   952 | D:2      | Reached skill level 3 in Fighting
   952 | D:2      | Reached XP level 3. HP: 10/20 MP: 2/4
  1113 | D:2      | Found a hazy altar of Hepliaklqana.
  1349 | D:2      | Found Kekhasch's Antique Armour Boutique.
  1849 | D:3      | Gained mutation: Your natural rate of healing is unusually
                  | fast. [Vine Stalker growth]
  1849 | D:3      | Reached XP level 4. HP: 8/24 MP: 2/5
  2105 | D:3      | Found a faded altar of an unknown god.
  2588 | D:4      | Reached XP level 5. HP: 21/28 MP: 3/6
  2792 | D:4      | Reached XP level 6. HP: 20/33 MP: 3/7
  3040 | D:4      | Reached skill level 4 in Fighting
  3269 | D:4      | Found a sacrificial altar of Ru.
  3326 | D:4      | Identified the +10 hand crossbow of Veokhewn {freeze, rF+
                  | Will- Dex+2}
  3475 | D:5      | Entered Level 5 of the Dungeon
  3509 | D:5      | Reached XP level 7. HP: 22/38 MP: 5/8
  3570 | D:5      | Found Neikh's Jewellery Shop.
  3639 | D:5      | Found a runed translucent door.
  3643 | D:5      | Noticed AttackTheMoon's ghost (novice TeDe)
  3716 | D:5      | Found a runed translucent door.
  3771 | D:5      | Found a staircase to the Ecumenical Temple.
  3779 | Temple   | Entered the Ecumenical Temple
  3865 | Temple   | Became a worshipper of Gozag Ym Sagoz the Greedy
  4290 | D:5      | Identified the +1 short sword of Summer {vamp, Dex+2}
  4446 | D:5      | Reached skill level 5 in Fighting
  4502 | D:5      | Gained mutation: You have razor-sharp teeth. [Vine Stalker
                  | growth]
  4502 | D:5      | Reached XP level 8. HP: 25/43 MP: 7/9
  4517 | D:5      | HP: 1/43 [poisoned by a killer bee]
  4518 | D:5      | Succumbed to a killer bee's poison

Illustrated notes

Levels and vault maps discovered:
D:1:      psy_arrival_fountain, layout_loops_ring
D:2:      layout_basic, serial_shops, nicolae_shop_stone, basic_altar
D:3:      layout_loops_ring, chequers_ecumenical_altar_simple_redux,
          minmay_gold_behind_fungi
D:4:      layout_loops_corners, mainiacjoe_overflow_brackets,
          minmay_manual_macuahuitl
D:5:      layout_basic, minmay_temple_entry_offerings, serial_shops, shop,
          serial_corexii_hall, chequers_hall_statues_y,
          corexii_hall_statues_deadend, ebering_ghost_sewer_f
Temple:   regret_index_temple_sphere_string

Skill      XL: |  1  2  3  4  5  6  7 |
---------------+----------------------+-----
Polearms       | 2 3 4 |  4.5
Fighting       | 3 4 5 |  5.1
Shields        | 3 4 |  4.0
Armour         | 3 4 |  4.7

Action                   |  1- 3 |  4- 6 |  7- 9 || total
-------------------------+-------+-------+-------++-------
Melee: Trident           |   126 |   143 |   108 ||   377
       Bite              |    23 |    37 |    34 ||    94
  Use: Scroll            |       |     7 |     3 ||    10
       Potion            |       |       |     1 ||     1
Armor: Scale mail        |    57 |    39 |    32 ||   128
Dodge: Dodged            |    64 |    68 |    45 ||   177
Block: Buckler           |    23 |    27 |    25 ||    75

Table legend: (Time is in decaauts)
 A = Elapsed time spent in this place.
 B = Non-inter-level travel time spent in this place.
 C = Inter-level travel time spent in this place.
 D = Time resting spent in this place.
 E = Time spent auto-exploring this place.
 F = Levels seen in this place.
 G = Mean time per level.
                   A        B        C        D        E       F      G
               +--------+--------+--------+--------+--------+-----+--------+
         Total |   4580 |   4453 |    127 |     29 |   3638 |   6 |  763.3 |
       Dungeon |   4483 |   4372 |    111 |     29 |   3567 |   5 |  896.6 |
        Temple |     96 |     80 |     16 |      0 |     71 |   1 |   96.0 |
               +--------+--------+--------+--------+--------+-----+--------+

Top non-repeatable levels by time:
     D:4: 1017 daAuts
     D:5: 957 daAuts
     D:1: 937 daAuts
     D:2: 902 daAuts
     D:3: 668 daAuts
  Temple: 96 daAuts
